 Dungeon Crawl Stone Soup version 0.23-a0-143-g1adec7b (webtiles) character file.

7 Amnesiac the Magician (level 1, 0/13 HPs)
             Began as a Mummy Wanderer on Sept 3, 2018.
             Slain by an ooze (2 damage)
             ... on level 2 of the Dungeon.
             The game lasted 00:00:43 (158 turns).

Amnesiac the Magician (Mummy Wanderer)               Turns: 158, Time: 00:00:44

Health: 0/13       AC:  2    Str: 15    XL:     1   Next: 91%
Magic:  0/5        EV: 11    Int: 11    God:
Gold:   20         SH:  0    Dex: 11    Spells: 7/8 levels left

rFire    x . .     SeeInvis .   a - +2 dagger
rCold    + . .     Gourm    .   (no shield)
rNeg     + + +     Faith    .   e - +0 robe
rPois    ∞         Spirit   .   (no helmet)
rElec    .         Reflect  .   (no cloak)
rCorr    .         Harm     .   (no gloves)
MR       .....                  (no boots)
Stlth    +.........             (no amulet)
HPRegen  0.04/turn              (no ring)
MPRegen  0.09/turn              (no ring)

@: no status effects
A: no food or potions, fire vulnerability, cold resistance 1, negative energy
resistance 3, torment resistance, unbreathing
a: no special abilities


You were on level 2 of the Dungeon.
You were not hungry.

You visited 1 branch of the dungeon, and saw 2 of its levels.

You collected 20 gold pieces.

Inventory:

Hand Weapons
 a - a +2 dagger (weapon)
Armour
 c - a +0 pair of gloves
 e - a +0 robe (worn)
Scrolls
 b - a scroll of fear {!r}
 d - a scroll of teleportation {!r}


   Skills:
 - Level 1.0 Stealth
   Level 1.0 Shields
 - Level 4.0 Spellcasting
   Level 1.0 Hexes
   Level 1.0 Summonings
 + Level 3.5 Necromancy


You had 7 spell levels left.
You knew the following spells:

 Your Spells              Type           Power        Failure   Level  Hunger
a - Pain                  Necr           ##..         5%          1    N/A

Your spell library contained the following spells:

 Spells                   Type           Power        Failure   Level  Hunger
 Vampiric Draining        Necr           ##........   17%         3    N/A

Dungeon Overview and Level Annotations

Branches:
Dungeon (2/15)

Altars:


Innate Abilities, Weirdness & Mutations

You do not eat or drink.
Your flesh is vulnerable to fire.
You are immune to poison.
Your flesh is cold resistant. (rC+)
You are immune to negative energy. (rN+++)
You are immune to unholy pain and torment.
You can survive without breathing.


Message History

Casting: Pain (safe; 5% risk of failure)
Confirm with . or Enter, or press ? or * to list all spells.
You don't have enough magic to cast that spell.
Casting: Pain (safe; 5% risk of failure)
Confirm with . or Enter, or press ? or * to list all spells.
You don't have enough magic to cast that spell.
Casting: Pain (safe; 5% risk of failure)
Confirm with . or Enter, or press ? or * to list all spells.
You don't have enough magic to cast that spell.
The ooze hits you.
* * * LOW HITPOINT WARNING * * *
You see here a rat corpse.
Casting: Pain (safe; 5% risk of failure)
Confirm with . or Enter, or press ? or * to list all spells.
You don't have enough magic to cast that spell.
Casting: Pain (safe; 5% risk of failure)
Confirm with . or Enter, or press ? or * to list all spells.
Aiming: Pain (safe; 5% risk of failure)
Press: ? - help, Shift-Dir - straight line, f/p - ooze
Aim: an ooze (moderately wounded, chance to defeat MR: 63%)
The ooze writhes in agony!
The ooze misses you. The ooze hits you.
* * * LOW HITPOINT WARNING * * *
Casting: Pain (safe; 5% risk of failure)
Confirm with . or Enter, or press ? or * to list all spells.
You don't have enough magic to cast that spell.
Casting: Pain (safe; 5% risk of failure)
Confirm with . or Enter, or press ? or * to list all spells.
You don't have enough magic to cast that spell.
Casting: Pain (safe; 5% risk of failure)
Confirm with . or Enter, or press ? or * to list all spells.
You don't have enough magic to cast that spell.
Casting: Pain (safe; 5% risk of failure)
Confirm with . or Enter, or press ? or * to list all spells.
Aiming: Pain (safe; 5% risk of failure)
Press: ? - help, Shift-Dir - straight line, f/p - ooze
Aim: an ooze (heavily wounded, chance to defeat MR: 63%)
The ooze writhes in agony!
Things that are here:
a club; a scroll labeled JOTTITIAMY {!r}; a hobgoblin corpse
Casting: Pain (safe; 5% risk of failure)
Confirm with . or Enter, or press ? or * to list all spells.
You don't have enough magic to cast that spell.
Casting: Pain (safe; 5% risk of failure)
Confirm with . or Enter, or press ? or * to list all spells.
You don't have enough magic to cast that spell.
Casting: Pain (safe; 5% risk of failure)
Confirm with . or Enter, or press ? or * to list all spells.
You don't have enough magic to cast that spell.
Casting: Pain (safe; 5% risk of failure)
Confirm with . or Enter, or press ? or * to list all spells.
You don't have enough magic to cast that spell.
The ooze closely misses you.
Casting: Pain (safe; 5% risk of failure)
Confirm with . or Enter, or press ? or * to list all spells.
You don't have enough magic to cast that spell.
Casting: Pain (safe; 5% risk of failure)
Confirm with . or Enter, or press ? or * to list all spells.
Aiming: Pain (safe; 5% risk of failure)
Press: ? - help, Shift-Dir - straight line, f/p - ooze
Aim: an ooze (severely wounded, chance to defeat MR: 63%)
The ooze writhes in agony!
The ooze hits you.
You die...

#
##############
#.
#.......)....#
#..
#J##########.#
#..#### #@#
####.####
#.#..J.P###.#
#.......#
.....P......#
#.##.##.#
###...r♣##.#
#.##%##.#
#.P≈≈♣.P#.#
#.##.##.##
#.≈≈≈ ....#
#.##.†....
#P≈≈≈ .....#
#.#####.##
#♣≈♣≈ ≈.....#
#.# #... .≈≈≈
♣♣....# #.#
#..#


You could see an ooze.

Vanquished Creatures
  An ooze (D:2)
  A giant cockroach (D:1)
  A hobgoblin (D:2)
  A rat (D:2)
4 creatures vanquished.

Notes
Turn   | Place    | Note
-------+----------+-------------------------------------------
     0 | D:1      | Amnesiac the Mummy Wanderer began the quest for the Orb.
     0 | D:1      | Amnesiac set off with: a +2 dagger, a scroll of fear {!r},
                  | a scroll of teleportation {!r}, a +0 robe
     0 | D:1      | Reached XP level 1. HP: 13/13 MP: 5/5
     0 | D:1      | Noticed a gargoyle
     0 | D:1      | Noticed a ghoul
     2 | D:1      | Learned a level 1 spell: Pain
     4 | D:1      | Noticed a troll
     7 | D:1      | Noticed a spriggan
     8 | D:1      | Noticed a vine stalker
     9 | D:1      | Noticed a centaur
    10 | D:1      | Noticed a vine stalker
    12 | D:1      | Noticed an octopode
    12 | D:1      | Noticed a draconian
    14 | D:1      | Noticed a vine stalker
    14 | D:1      | Noticed an elf
    16 | D:1      | Noticed a human
    18 | D:1      | Noticed an octopode
    21 | D:1      | Noticed a human
   158 | D:2      | Slain by an ooze

Vault maps used:
D:1:      shiori_arrival_whats_in_store_for_you
D:2:      first_ration, serial_bayou_pond_a

Action                   || total
-------------------------++-------
Melee: Dagger            ||     1
 Cast: Pain              ||    15
Armor: Robe              ||     1
Dodge: Dodged            ||     4

Table legend:
 A = Non-vault XP
 B = Vault XP
 C = Vault XP percentage of total XP
 D = Non-vault monster count
 E = Vault monster count
 F = Vault count percentage of total count
                 A         B        C        D         E       F
            +---------+---------+-------+---------+---------+-------
      Total |      11 |       0 |   0.0 |       4 |       0 |   0.0
            +---------+---------+-------+---------+---------+-------
        D:1 |       2 |       0 |   0.0 |       1 |       0 |   0.0
        D:2 |       9 |       0 |   0.0 |       3 |       0 |   0.0
            +---------+---------+-------+---------+---------+-------
